 Dungeon Crawl Stone Soup version 0.18.1-48-g4cf74bf (webtiles) character file.

1228 Inkary the Grappler (level 8, -3/68 (70) HPs)
             Began as a Ghoul Monk on July 20, 2016.
             Killed from afar by an orc wizard (8 damage)
             ... with a magic dart
             ... on level 7 of the Dungeon.
             The game lasted 00:16:47 (6460 turns).

Inkary the Grappler (Ghoul Monk)                    Turns: 6460, Time: 00:16:47

HP:   -3/68 (70)    AC:  4    Str: 18    XL:     8   Next: 48%
MP:   7/7           EV: 14    Int:  5    God:
Gold: 741           SH:  0    Dex: 13    Spells: 0 memorised, 7 levels left

rFire  + . .     SeeInvis .     D - +5 trident "Emmu" {pierce, *Rage rElec Str+3}
rCold  + + .     Gourm    .     v - +2 robe {rC+ rF+}
rNeg   + + +     Faith    .     (no shield)
rPois  ∞         Spirit   .     (no helmet)
rElec  +         Dismiss  .     (no cloak)
rCorr  .         Reflect  .     (no gloves)
SustAt .         Harm     +     (no boots)
MR     .....                    m - amulet of harm
Stlth  +.........               (no ring)
                                (no ring)

@: confused, rotting, not resistant to hostile enchantments, very unstealthy
A: rotting body, claws 1, carnivore 3, cold resistance 1, negative energy
resistance 3, slow regeneration 1, torment resistance, unbreathing
a: no special abilities


You were on level 7 of the Dungeon.
You were not hungry.

You visited 2 branches of the dungeon, and saw 8 of its levels.
You also visited: Sewer and Ossuary.

You collected 741 gold pieces.

Inventory:

Hand Weapons
 D - the +5 trident "Emmu" (weapon) {pierce, *Rage rElec Str+3}
   (You found it on level 7 of the Dungeon)

   It inflicts extra damage upon your enemies.
   It affects your strength (+3).
   It insulates you from electricity.
   It may make you go berserk in combat.
Armour
 v - a +2 robe of resistance (worn)
Jewellery
 m - an amulet of harm (around neck)
 A - an uncursed ring of wizardry {unknown}
 B - a +3 ring of slaying {unknown}
Wands
 p - a wand of lightning (7/15)
 C - a wand of lightning (5/15)
Scrolls
 f - 3 scrolls of remove curse
 g - 2 scrolls of identify
 i - 2 scrolls of magic mapping
 l - 3 scrolls of immolation
 o - 3 scrolls of enchant armour {unknown}
 s - a scroll of recharging {unknown}
 x - a scroll of blinking {unknown}
 y - a scroll of noise {unknown}
Potions
 a - 3 potions of agility {unknown}
 c - a potion of magic {unknown}
 d - a potion of cure mutation {unknown}
 h - a potion of mutation
 j - a potion of might {unknown}
 k - a potion of brilliance {unknown}
 q - 3 potions of heal wounds {unknown}
 r - a potion of curing
 u - a potion of flight {unknown}
 w - 2 potions of ambrosia {unknown}
 z - a potion of cancellation {unknown}
Books
 e - a book of Dreams

   Spells                             Type                      Level
   a - Ensorcelled Hibernation        Hexes/Ice                    2
   b - Silence                        Hexes/Air                    5
   c - Darkness                       Hexes                        6
   d - Shadow Creatures               Summoning                    6
Comestibles
 b - 2 meat rations
 n - a beef jerky
 t - a slice of pizza


   Skills:
 + Level 5.7 Fighting
 * Level 2.8 Armour
 - Level 4.1 Dodging
 + Level 5.5 Stealth
 * Level 8.0 Unarmed Combat


You had 7 spell levels left.
You didn't know any spells.

Dungeon Overview and Level Annotations

Branches:
Dungeon (7/15)             Temple (1/1) D:5

Altars:
Dithmenos
Fedhas
Gozag
Nemelex Xobeh
Pakellas
Qazlal
Sif Muna
Vehumet
Yredelemnul
The Shining One

Annotations:
D:5 TBriggs11TB's ghost, novice MfSk


Innate Abilities, Weirdness & Mutations

Your body is rotting away.
You thrive on raw meat.
You are immune to poison.
You have sharp fingernails.
You are carnivorous and can eat meat at any time.
Your flesh is cold resistant.
You are immune to negative energy.
You regenerate slowly when monsters are visible.
You are immune to unholy pain and torment.
You can survive without breathing.


Message History

You closely miss the orc warrior.
The orc warrior is severely wounded.
The orc wizard gestures wildly while chanting.
The orc wizard flickers and vanishes!
Deactivating autopickup; reactivate with Ctrl-A.
The orc warrior hits you with a dire flail!
* * * LOW HITPOINT WARNING * * *
Something hits you.
* * * LOW HITPOINT WARNING * * *
You barely miss the orc warrior.
The orc warrior is severely wounded.
The orc warrior completely misses you.
You hear some strange, mumbled words.
You are confused.
The orc warrior barely misses you.
You're too confused to move!
You hear some strange, mumbled words.
A magic dart appears from out of thin air!
The magic dart hits you!
You die... ###### #o@{o+ ######

You could see an orc warrior and an orc wizard.

Vanquished Creatures
  A sky beast (D:7)
  A centaur (D:4)
  The ghost of daning the Charmwright, an amateur HESk (D:3)
  Blork the orc (D:5)
  3 giant frogs
  A wyvern skeleton (D:6)
  A scorpion (D:4)
  2 crimson imps (D:7)
  A howler monkey (D:4)
  A wasp zombie (D:7)
  2 hounds
  2 giant frog skeletons
  4 worker ants
  A killer bee zombie (D:6)
  2 big kobold zombies (Ossuary)
  A hound skeleton (D:5)
  2 mummies (Ossuary)
  2 adders (D:2)
  A shadow imp (D:5)
  An adder skeleton (D:7)
  3 worms
  A dart slug (D:5)
  9 giant geckos
  10 orcs
  8 bats
  11 giant cockroaches
  3 gnoll zombies (Ossuary)
  14 goblins
  10 hobgoblins
  7 jackals
  8 kobolds
  3 quokkas
  9 ball pythons
  11 giant newts
  5 goblin zombies (Ossuary)
  3 hobgoblin zombies (Ossuary)
  An orc zombie (Ossuary)
  8 rats
155 creatures vanquished.

Vanquished Creatures (others)
  A fungus (D:5)
1 creature vanquished.

Grand Total: 156 creatures vanquished

Notes
Turn   | Place    | Note
--------------------------------------------------------------
     0 | D:1      | Inkary the Ghoul Monk began the quest for the Orb.
     0 | D:1      | Reached XP level 1. HP: 19/19 MP: 0/0
   144 | D:1      | Reached XP level 2. HP: 12/26 MP: 1/1
   692 | D:1      | Reached XP level 3. HP: 23/31 MP: 2/2
  1185 | D:2      | Reached skill level 5 in Unarmed Combat
  1458 | D:2      | Reached XP level 4. HP: 33/40 MP: 3/3
  1879 | D:2      | Found a deep blue altar of Sif Muna.
  2053 | D:3      | Noticed daning's ghost (amateur HESk)
  2367 | D:3      | Killed daning's ghost
  2367 | D:3      | Reached XP level 5. HP: 20/46 MP: 4/4
  2923 | D:4      | Reached skill level 6 in Unarmed Combat
  2923 | D:4      | Reached XP level 6. HP: 48/52 MP: 5/5
  3151 | D:4      | Found a glowing drain.
  3182 | Sewer    | Entered a sewer
  3450 | Sewer    | HP: 2/53 [giant frog (5)]
  3755 | D:4      | Reached XP level 7. HP: 56/60 MP: 6/6
  3806 | D:4      | Found a stormy altar of Qazlal.
  4370 | D:4      | Reached skill level 5 in Fighting
  4420 | D:5      | Entered Level 5 of the Dungeon
  4455 | D:5      | Noticed TBriggs11TB's ghost (novice MfSk)
  4484 | D:5      | HP: 2/61 [TBriggs11TB's ghost (16)]
  4791 | D:5      | Found a sand-covered staircase.
  4804 | Ossuary  | Entered an ossuary
  4838 | Ossuary  | Reached skill level 7 in Unarmed Combat
  5226 | D:5      | Reached skill level 1 in Armour
  5274 | D:5      | Found a staircase to the Ecumenical Temple.
  5319 | Temple   | Entered the Ecumenical Temple
  5531 | D:5      | Noticed Blork the orc
  5550 | D:5      | Killed Blork the orc
  5755 | D:6      | Reached XP level 8. HP: 64/67 MP: 7/7
  5817 | D:6      | Reached skill level 5 in Stealth
  6372 | D:7      | Reached skill level 8 in Unarmed Combat
  6440 | D:7      | Got a warped trident
  6441 | D:7      | Identified the +5 trident "Emmu" {pierce, *Rage rElec Str+3} (You found it on level 7 of the Dungeon)
  6460 | D:7      | Killed from afar by an orc wizard

Skill      XL: |  1  2  3  4  5  6  7  8 |
---------------+-------------------------+-----
Dodging        | 3 4 |  4.1
Unarmed Combat | 5 6 7 8 |  8.0
Stealth        | 3 4 5 |  5.5
Fighting       | 4 5 |  5.7
Armour         | 1 2 |  2.8

Action                   |  1- 3 |  4- 6 |  7- 9 || total
-------------------------+-------+-------+-------++-------
Melee: Unarmed           |   113 |   209 |   192 ||   514
       Punch             |     2 |     3 |     5 ||    10
       Trident           |       |       |     5 ||     5
  Use: Scroll            |       |     5 |     1 ||     6
 Stab: Sleeping          |     3 |     8 |     5 ||    16
  Eat: Chunk             |    16 |    24 |    10 ||    50
Armor: Robe              |    15 |    37 |    26 ||    78
       Leather armour    |       |       |     3 ||     3
Dodge: Dodged            |    73 |   206 |   111 ||   390
